 Dungeon Crawl Stone Soup version 0.29-a0-384-g6960b1960d (webtiles) character file.

Game seed: 13895560548799378754

111 ptdevnull the Magician (level 5, -2/40 HPs)
             Began as a Djinni Conjurer on May 7, 2022.
             Slain by a gnoll
             ... wielding a +0 flail
              (9 damage)
             ... on level 3 of the Dungeon.
             The game lasted 00:09:09 (3528 turns).

ptdevnull the Magician (Djinni Conjurer)            Turns: 3528, Time: 00:09:09

Health: -2/40      AC:  3    Str:  6    XL:     5   Next: 15%
Gold:   100        EV: 12    Int: 22    God:
                   SH:  0    Dex: 11

rFire   + + .      SeeInvis .   c - +0 dagger
rCold   . . .      Faith    .   (no shield)
rNeg    . . .      Spirit   .   a - +0 robe
rPois   ∞          Reflect  .   (no helmet)
rElec   .          Harm     .   i - +0 cloak
rCorr   .          Rampage  .   (no gloves)
Will    .....                   (boots unavailable)
Stlth   ++........              (no amulet)
HPRegen 0.13/turn               p - ring of protection from cold
MPRegen 0.00/turn               (no ring)

@: weak-willed, flying
A: sickness immunity, fire resistance 2, cold vulnerability 1, float, innate
caster, HP casting, extra vitality 1
a: no special abilities


You were on level 3 of the Dungeon.
You visited 1 branch of the dungeon, and saw 3 of its levels.

You collected 100 gold pieces.

Inventory:

Hand Weapons
 c - a +0 dagger (weapon)
 u - a +0 long sword
 v - a +1 dagger of draining
Missiles
 e - 6 atropa-tipped darts
 h - 105 stones
Armour
 a - a +0 robe (worn)
 i - a +0 cloak (worn)
Magical Staves
 l - a staff of death
Jewellery
 p - a ring of protection from cold (left hand)
 q - a +6 ring of dexterity
Wands
 w - a wand of flame (23)
Scrolls
 d - a scroll of vulnerability
 g - a scroll of enchant weapon {unknown}
 k - a scroll of enchant armour {unknown}
 n - a scroll of immolation {unknown}
 r - a scroll of poison {unknown}
 s - a scroll of noise
Potions
 b - 2 potions of haste
 f - a potion of attraction {unknown}
 j - 2 potions of degeneration {unknown}
 m - a potion of mutation {unknown}
 o - a potion of curing {unknown}
 t - a potion of magic {unknown}


   Skills:
 * Level 3.5 Fighting
 - Level 2.1 Dodging
 - Level 1.5 Stealth
 + Level 3.8 Spellcasting


You couldn't memorise any spells.
You knew the following spells:

 Your Spells              Type           Power      Damage    Failure   Level
a - Magic Dart            Conj           84%        1d7       2%          1
b - Searing Ray           Conj           42%        2d6       3%          2
c - Dazzling Flash        Conj/Hex       42%        N/A       7%          3
d - Fulminant Prism       Conj/Hex       10%        3d9       24%         4
e - Iskenderun's Mystic   Conj/Tloc      21%        2d6       24%         4
f - Sandblast             Erth           42%        2d11      2%          1
g - Corpse Rot            Necr/Air       42%        N/A       3%          2
Your spell library was empty.

Dungeon Overview and Level Annotations

Branches:
Dungeon (3/15)

Altars:

Annotations:
D:3 Pargi


Innate Abilities, Weirdness & Mutations

You are immune to sickness and miasma.
You are immune to poison.
Your flesh is very heat resistant. (rF++)
You are vulnerable to cold. (rC-)
You float through the air rather than walking.
You learn spells naturally, not from books.
Your magical power is your life essence.
You have superior vitality. (+4 MHP)


Message History

a +1 dagger of draining; a +0 leather armour; a wand of flame (23)
v - a +1 dagger of draining;
w - a wand of flame (23)
A gnoll comes into view. It is wielding a +0 flail.
An adder comes into view.
Okay, then.
Casting: Sandblast (safe; 2% risk of failure)
Confirm with . or Enter, or press ? or * to list all spells.
The spell is quite dangerous to miscast (24% risk of failure)!
Continue anyway?
Aiming: Fulminant Prism (quite dangerous; 24% risk of failure)
Press: ? - help, Dir - move target You conjure a prism of explosive energy!
A fulminant prism comes into view.
A gnoll comes into view.
It is wielding a +2 halberd of freezing.
Your fulminant prism crackles loudly.
Casting: Fulminant Prism (quite dangerous; 24% risk of failure)
Confirm with . or Enter, or press ? or * to list all spells.
Okay, then.
As you read the scroll labelled VOAKUS DUNT, it crumbles to dust.
You hear a loud clanging noise!
It was a scroll of noise.
You hear a shout! x4
The gnoll throws a throwing net.
The throwing net misses you.
Your fulminant prism explodes!
The blast of energy engulfs the adder!
You kill the adder!
The blast of energy engulfs the ball python!
You kill the ball python!
As you read the scroll labelled BIVOLA GOACACIEL, it crumbles to dust.
Magic quickly surges around you.
It was a scroll of vulnerability.
The gnoll attacks as you move away! The gnoll hits you with a +0 flail!
* * * LOW HITPOINT WARNING * * *
The gnoll throws a throwing net.
The throwing net hits you.
You become entangled in the net!
You see here a throwing net.
You tear a large gash into the net.
The gnoll hits you but does no damage.
A gnoll comes into view. It is wielding a +0 flail.
You struggle against the net.
The gnoll hits you with a +0 flail.
* * * LOW HITPOINT WARNING * * *
You rip the net and break free!
The gnoll hits you with a +0 flail!
You die...

.>.###. .#
..... .......#
..# ..#..
.......###..#.#
..#..
.!.............
#..
...............
#..[# #...# #
#..(##
#.###..g@#.#
#..........#
#..g<......#
##.##.g.#### #.
#..## # ##.#
#.# #.. .##


You could see 3 gnolls.

Vanquished Creatures
  Ijyb (D:3)
  2 adders (D:3)
  5 worms
  A dart slug (D:3)
  4 ball pythons
  4 bats
  3 endoplasms
  2 giant cockroaches
  3 goblins
  8 hobgoblins
  2 quokkas (D:1)
  3 frilled lizards (D:1)
  6 kobolds
  5 rats
49 creatures vanquished.

Vanquished Creatures (others)
  2 fulminant prisms (D:3)
2 creatures vanquished.

Grand Total: 51 creatures vanquished

Notes
Turn   | Place    | Note
-------+----------+-------------------------------------------
     0 | D:1      | ptdevnull the Djinni Conjurer began the quest for the Orb.
     0 | D:1      | Reached XP level 1. HP: 15/15 MP: 0/0
   261 | D:1      | Reached skill level 1 in Fighting
   261 | D:1      | Reached XP level 2. HP: 19/22 MP: 0/0
  1008 | D:1      | Reached XP level 3. HP: 27/28 MP: 0/0
  1008 | D:1      | Learned a level 1 spell: Sandblast
  2242 | D:2      | Found a faded altar of an unknown god.
  2581 | D:2      | Reached XP level 4. HP: 33/34 MP: 0/0
  3101 | D:3      | Noticed Pargi
  3508 | D:3      | Noticed Ijyb
  3517 | D:3      | Killed Ijyb
  3518 | D:3      | Reached XP level 5. HP: 18/40 MP: 0/0
  3518 | D:3      | Learned a level 2 spell: Corpse Rot
  3528 | D:3      | Slain by a gnoll

Illustrated notes

Levels and vault maps discovered:
D:1:      tarquinn_simple_flora_water_b, layout_loops_cross, st_stairs_4
D:2:      layout_loops_corners, serial_rivers, chequers_serial_rivers_micro_a,
          chequers_serial_rivers_room_b, chequers_serial_rivers_micro_d,
          chequers_serial_rivers_micro_a, chequers_serial_rivers_micro_a,
          chequers_serial_rivers_micro_b, ebering_ecumenical_altar_box
D:3:      layout_loops_ring, uniq_ijyb, uniq_pargi

Skill      XL: |  1  2  3  4 |
---------------+-------------+-----
Fighting       | 1 2 3 |  3.5
Dodging        | |  2.1
Stealth        | |  1.5
Spellcasting   | |  3.8

Action                   |  1- 3 |  4- 6 || total
-------------------------+-------+-------++-------
Melee: Dagger            |     1 |       ||     1
 Cast: Magic Dart        |    87 |    25 ||   112
       Searing Ray       |     3 |     4 ||     7
       Sandblast         |       |     5 ||     5
       Fulminant Prism   |       |     2 ||     2
  Use: Potion            |       |     1 ||     1
       Scroll            |       |     2 ||     2
Armor: Robe              |     1 |     1 ||     2
Dodge: Dodged            |     6 |     8 ||    14

Table legend: (Time is in decaauts)
 A = Elapsed time spent in this place.
 B = Non-inter-level travel time spent in this place.
 C = Inter-level travel time spent in this place.
 D = Time resting spent in this place.
 E = Time spent auto-exploring this place.
 F = Levels seen in this place.
 G = Mean time per level.
                   A        B        C        D        E       F      G
               +--------+--------+--------+--------+--------+-----+--------+
         Total |   3510 |   3399 |    111 |   1059 |   1926 |   3 | 1170.0 |
       Dungeon |   3510 |   3399 |    111 |   1059 |   1926 |   3 | 1170.0 |
               +--------+--------+--------+--------+--------+-----+--------+

Top non-repeatable levels by time:
     D:2: 1702 daAuts
     D:1: 1296 daAuts
     D:3: 511 daAuts
